 Dungeon Crawl Stone Soup version 0.29-a0-817-g9904bce7a6 (webtiles) character file.

Game seed: 4053192435401481303

2820 Mgcat the Fighter (level 9, -4/96 (97) HPs)
             Began as an Ogre Fighter on July 5, 2022.
             Was a Believer of Okawaru.
             Killed by nerve-wracking pain
             ... invoked by a shadow imp
              (7 damage)
             ... on level 6 of the Dungeon.
             The game lasted 00:14:46 (9336 turns).

Mgcat the Fighter (Ogre Fighter)                    Turns: 9336, Time: 00:14:47

HP:   -4/96 (97)    AC:  6    Str: 26    XL:     9   Next: 73%
MP:   10/10         EV:  9    Int:  9    God:    Okawaru [**....]
Gold: 340           SH: 13    Dex:  8    Spells: 8/8 levels left

rFire   . . .      SeeInvis .   b - +3 dagger (venom)
rCold   . . .      Faith    .   c - +0 kite shield
rNeg    . . .      Spirit   .   u - +0 robe of Tupilucs {+Blink}
rPois   .          Reflect  +   (helmet restricted)
rElec   .          Harm     .   q - +2 cloak {rCorr}
rCorr   +          Rampage  .   (gloves unavailable)
Will    .....                   (boots unavailable)
Stlth   +.........              t - amulet of reflection
HPRegen 0.26/turn               (no ring)
MPRegen 0.12/turn               (no ring)

@: lightly drained
A: large, unfitting armour, tough skin 1, evolution 1
a: Renounce Religion, Evoke Blink, Heroism


You were on level 6 of the Dungeon.
You worshipped Okawaru.
Okawaru was pleased with you.
You visited 1 branch of the dungeon, and saw 7 of its levels.
You also visited: Sewer.

You collected 340 gold pieces.

Inventory:

Hand Weapons
 a - a +1 war axe
 b - a +3 dagger of venom (weapon)
   (You took it off a kobold on level 3 of the Dungeon)
 w - a +0 vorpal hand axe
   (You found it on level 4 of the Dungeon)
Missiles
 x - 2 curare-tipped darts
Armour
 c - a +0 kite shield (worn)
 q - a +2 cloak of preservation (worn)
   (You took it off Crazy Yiuf on level 2 of the Dungeon)
 u - the +0 robe of Tupilucs (worn) {+Blink}
   (You found it on level 3 of the Dungeon)

   +Blink:    It lets you blink.
Jewellery
 f - a ring of magical power {MP+9}
   (You found it on level 1 of the Dungeon)
 t - an amulet of reflection (around neck)
   (You found it on level 3 of the Dungeon)
Scrolls
 d - a scroll of blinking {unknown}
 g - a scroll of enchant armour
 i - 3 scrolls of enchant weapon
 j - a scroll of noise {unknown}
 k - 3 scrolls of identify
 n - 3 scrolls of vulnerability {!r!r}
 o - a scroll of fog {unknown}
Potions
 e - 3 potions of curing
 h - 2 potions of brilliance
 l - a potion of haste {unknown}
 m - 3 potions of cancellation {unknown}
 s - a potion of lignification {!q}
 z - a potion of attraction {!q}


   Skills:
 + Level 8.5 Fighting
 * Level 8.4 Axes
 + Level 5.8 Dodging
 + Level 6.4 Shields
 + Level 2.4 Invocations


You had 8 spell levels left.
You didn't know any spells.
Your spell library contained the following spells:

 Spells                   Type           Power      Damage    Failure   Level
 Apportation              Tloc           0%         N/A       65%         1
 Necrotise                Necr           0%         1d4       65%         1
 Slow                     Hex            0%         N/A       65%         1
 Sublimation of Blood     Necr           0%         N/A       78%         2
 Wereblood                Tmut           0%         N/A       78%         2
 Confusing Touch          Hex            0%         N/A       95%         3
 Vampiric Draining        Necr           0%         2d6       95%         3
 Summon Small Mammal      Summ           Unusable   N/A       N/A         1
 Summon Hydra             Summ           Unusable   N/A       N/A         7

Dungeon Overview and Level Annotations

Branches:
Dungeon (7/15)             Temple (0/1) D:5           Sewer (visited)

Altars:
Ashenzari
Dithmenos
Elyvilon
Gozag
Hepliaklqana
Okawaru
Ru
Sif Muna
Trog
Vehumet

Shops:
D:6 [

Annotations:
D:5 2 transporters, Azuvok's ghost, novice MiFi


Innate Abilities, Weirdness & Mutations

You are too large for most types of armour.
You have tough skin. (AC +1)
You have hidden genetic potential.


Message History

You barely miss the iguana. You block the iguana's attack.
You hit the iguana but do no damage.
The iguana is poisoned.
You block the iguana's attack.
Spoiler Alert: The shadow imp can cast Pain and Animate Dead!
You barely miss the iguana. You block the iguana's attack. x2
You hit the iguana but do no damage. You block the iguana's attack.
You hit the iguana.
The iguana is lightly wounded.
The iguana barely misses you.
Things that are here:
a +0 mace; 17 gold pieces Spoiler Alert: The shadow imp can cast Pain and Animate Dead!
You block the shadow imp's attack. The iguana attacks as you move away!
The iguana completely misses you. The shadow imp puffs mist at you.
There is a stone staircase leading up here.
The iguana bites you but does no damage.
The shadow imp completely misses you.
You climb upwards.
There is a stone staircase leading down here.
Spoiler Alert: The shadow imp can cast Pain and Animate Dead!
You closely miss the shadow imp.
The shadow imp is lightly wounded.
The iguana bites you but does no damage.
You block the shadow imp's attack.
You hit the iguana but do no damage.
The iguana is severely wounded.
You block the iguana's attack. You block the shadow imp's attack.
Spoiler Alert: The shadow imp can cast Pain and Animate Dead!
You hit the iguana but do no damage.
The iguana is severely wounded.
The iguana bites you. You block the shadow imp's attack.
You take 5 damage, and have 30/95 hp.
You hit the iguana but do no damage.
The iguana looks even sicker.
The iguana is severely wounded.
You block the iguana's attack.
The shadow imp hits you but does no damage.
Spoiler Alert: The shadow imp can cast Pain and Animate Dead!
You hit the iguana but do no damage.
The iguana is severely wounded.
The iguana barely misses you. The shadow imp hits you.
You take 1 damage, and have 29/95 hp.
You hit the iguana but do no damage.
The iguana is severely wounded.
You block the iguana's attack. The shadow imp hits you.
* * * LOW HITPOINT WARNING * * *
The iguana barely misses you.
The shadow imp hits you but does no damage.
You take 5 damage, and have 24/95 hp.
Spoiler Alert: The shadow imp can cast Pain and Animate Dead!
You barely miss the iguana.
The iguana is severely wounded.
The iguana closely misses you. The shadow imp completely misses you.
You hit the iguana but do no damage.
The iguana looks as sick as possible!
The iguana is severely wounded.
The iguana barely misses you.
The shadow imp hits you but does no damage.
Spoiler Alert: The shadow imp can cast Pain and Animate Dead!
You hit the iguana but do no damage.
The iguana looks as sick as possible!
The iguana is severely wounded.
You kill the iguana!
Okawaru accepts your kill. The shadow imp hits you.
* * * LOW HITPOINT WARNING * * *
You take 5 damage, and have 20/96 hp.
Spoiler Alert: The shadow imp can cast Pain and Animate Dead!
You barely miss the shadow imp.
The shadow imp is lightly wounded.
The shadow imp gestures at you. You resist with significant effort.
You hit the shadow imp.
The shadow imp is lightly wounded.
You block the shadow imp's attack.
Spoiler Alert: The shadow imp can cast Pain and Animate Dead!
You hit the shadow imp but do no damage.
The shadow imp is lightly wounded.
You block the shadow imp's attack.
You hit the shadow imp.
The shadow imp is moderately wounded.
The shadow imp gestures at you. Pain shoots through your body!
* * * LOW HITPOINT WARNING * * *
You take 7 damage, and have 14/96 hp.
Spoiler Alert: The shadow imp can cast Pain and Animate Dead!
You hit the shadow imp.
The shadow imp is severely wounded.
The shadow imp closely misses you.
You barely miss the shadow imp.
The shadow imp is severely wounded.
The shadow imp hits you but does no damage.
The shadow imp gestures at you. Pain shoots through your body!
* * * LOW HITPOINT WARNING * * *
You take 12 damage, and have 3/96 hp.
Spoiler Alert: The shadow imp can cast Pain and Animate Dead!
You hit the shadow imp.
The shadow imp is almost dead.
The shadow imp gestures at you. Pain shoots through your body!
You die...

#..........................
#..........................
#..........................
##......................##..
#P..♣♣..................#..#
##♣..♣≈≈♣P.........###[##.....
##PP.♣≈♣≈≈..........##.).##....
#...♣≈≈≈≈≈≈.........##)..##....
##P.♣≈≈≈≈♣.P...@5....#.....#....
#P...≈≈♣♣...P.†.................
#P....≈≈P..♣........#.......#..#
####P..P..P.........##.....###..
###..............#..###..#...
#..................#.......
#.............#.........#..
#.............#.........##.
#.<...........#.........#..


You could see a shadow imp.

Vanquished Creatures
  Pikel (D:5)
  Grinder (D:3)
  A steam dragon (D:5)
  Duvessa (D:5)
  A sky beast (D:7)
  An orc warrior (D:6)
  A black bear (D:7)
  An ogre (D:4)
  A lemure (D:5)
  9 kobold brigands
  A necrophage (D:5)
  2 scorpions (D:6)
  Dowan (D:4)
  3 electric eels (D:6)
  Crazy Yiuf (D:2)
  A hound (D:5)
  Jessica (D:3)
  8 iguanas
  3 orc wizards
  Ijyb (D:3)
  Robin (D:2)
  A gnoll (D:1)
  5 adders
  2 river rats (Sewer)
  4 worms
  5 dart slugs
  17 orcs
  15 ball pythons
  7 endoplasms
  5 giant cockroaches
  17 goblins
  3 hobgoblins (D:2)
  12 jackals
  6 quokkas
  4 bats
  3 frilled lizards
  21 kobolds
  13 rats
181 creatures vanquished.

Vanquished Creatures (others)
  A white imp (D:5)
  14 plants (D:6)
15 creatures vanquished.

Grand Total: 196 creatures vanquished

Notes
Turn   | Place    | Note
-------+----------+-------------------------------------------
     0 | D:1      | Mgcat the Ogre Fighter began the quest for the Orb.
     0 | D:1      | Reached XP level 1. HP: 24/24 MP: 1/1
   314 | D:1      | Reached XP level 2. HP: 32/32 MP: 2/2
   762 | D:1      | Reached XP level 3. HP: 29/40 MP: 3/3
   771 | D:1      | Reached skill level 3 in Dodging
  1345 | D:2      | Reached skill level 3 in Axes
  1439 | D:2      | Reached XP level 4. HP: 43/49 MP: 4/4
  1548 | D:2      | Identified the +6 short sword "Miwnolih" {holy, rF- Dex+3
                  | SInv}
  2005 | D:2      | Found a faded altar of an unknown god.
  2181 | D:2      | Found a runed translucent door.
  2182 | D:2      | Noticed Crazy Yiuf
  2322 | D:2      | Killed Crazy Yiuf
  2323 | D:2      | Reached XP level 5. HP: 26/55 MP: 5/5
  2536 | D:3      | Noticed Robin
  2572 | D:2      | Killed Robin
  2730 | D:3      | Noticed Ijyb
  2754 | D:3      | Killed Ijyb
  2755 | D:3      | Reached skill level 5 in Fighting
  2964 | D:3      | Reached skill level 4 in Axes
  2970 | D:3      | Identified the +0 robe of Tupilucs {+Blink}
  3196 | D:3      | Found a radiant altar of Vehumet.
  3196 | D:3      | Noticed Jessica
  3202 | D:3      | Killed Jessica
  3375 | D:3      | Noticed Grinder
  3438 | D:3      | Paralysed by Grinder for 2 turns
  3444 | D:3      | Paralysed by Grinder for 3 turns
  3457 | D:3      | Killed Grinder
  3458 | D:3      | Reached skill level 4 in Shields
  3458 | D:3      | Reached XP level 6. HP: 38/66 MP: 6/6
  3978 | D:4      | Reached skill level 5 in Axes
  3978 | D:4      | Reached skill level 4 in Dodging
  3978 | D:4      | Reached XP level 7. HP: 33/74 MP: 7/7
  4065 | D:4      | Found a glowing drain.
  4095 | Sewer    | Entered a sewer
  4327 | Sewer    | Reached skill level 6 in Fighting
  4794 | Sewer    | Reached skill level 6 in Axes
  4794 | Sewer    | Reached XP level 8. HP: 82/84 MP: 8/8
  4891 | Sewer    | Reached skill level 5 in Shields
  5457 | D:4      | Identified the +0 hand axe "Eloe" {vorpal, rN+}
  5497 | D:4      | Found an opulent altar of Gozag.
  5497 | D:4      | Found an iron altar of Okawaru.
  5500 | D:4      | Found a shimmering blue altar of Sif Muna.
  5501 | D:4      | Found a white marble altar of Elyvilon.
  5501 | D:4      | Found a shadowy altar of Dithmenos.
  5501 | D:4      | Found a sacrificial altar of Ru.
  5503 | D:4      | Found a hazy altar of Hepliaklqana.
  5503 | D:4      | Found a bloodstained altar of Trog.
  5503 | D:4      | Found a broken altar of Ashenzari.
  5542 | D:4      | Became a worshipper of Warmaster Okawaru
  5828 | D:5      | Entered Level 5 of the Dungeon
  5893 | D:5      | Found a transporter.
  5905 | D:5      | Noticed Azuvok's ghost (novice MiFi)
  5923 | D:5      | Noticed Pikel
  6025 | D:5      | Killed Pikel
  6025 | D:5      | Reached * piety under Okawaru
  6026 | D:5      | Reached skill level 7 in Fighting
  6026 | D:5      | Reached skill level 7 in Axes
  6026 | D:5      | Reached skill level 5 in Dodging
  6216 | D:5      | Found a transporter.
  6263 | D:5      | HP: 21/87 [steam dragon] (3)]
  6265 | D:5      | Reached XP level 9. HP: 14/94 MP: 9/9
  6706 | D:5      | Found a staircase to the Ecumenical Temple.
  6887 | D:5      | Noticed Dowan
  6888 | D:5      | Noticed Duvessa
  6925 | D:5      | Killed Duvessa
  6925 | D:5      | HP: 20/87 [Dowan/+4 dagger of draining (5)]
  6926 | D:5      | Reached skill level 6 in Shields
  6933 | D:4      | Killed Dowan
  6933 | D:4      | Reached ** piety under Okawaru
  7137 | D:5      | Reached skill level 8 in Fighting
  7137 | D:5      | Reached skill level 1 in Invocations
  7349 | D:6      | Gained mutation: You have hidden genetic potential. [potion
                  | of mutation]
  7901 | D:6      | HP: 21/93 [electric eel/bolt of electricity (6)]
  7949 | D:6      | HP: 23/93 [kobold brigand/+0 short sword (4)]
  7980 | D:6      | HP: 22/94 [orc warrior/bolt (3)]
  7988 | D:6      | Reached skill level 8 in Axes
  7990 | D:6      | HP: 22/96 [kobold/+0 dagger (2)]
  8590 | D:6      | Found Egopuimn's Antique Armour Shoppe.
  9074 | D:7      | Reached skill level 2 in Invocations
  9329 | D:6      | HP: 20/95 [shadow imp (5)]
  9335 | D:6      | HP: 3/96 [shadow imp/nerve-wracking pain (12)]
  9336 | D:6      | Killed from afar by a shadow imp

Illustrated notes

Levels and vault maps discovered:
D:1:      onia_arrival_handbag, layout_basic
D:2:      layout_loops_ring, shapermc_ecumenical_altar_venn,
          uniq_crazy_yiuf_cottage
D:3:      layout_loops_ring, nicolae_vehumet_altar_sigil, uniq_robin,
          uniq_grinder, uniq_ijyb, uniq_jessica
D:4:      layout_gridville, nicolae_overflows_in_rows, portal_sewer_entry_f,
          serial_bayou_pond_d
D:5:      layout_rooms, minmay_temple_entry_large_hall,
          gammafunk_ghost_mausoleum, uniq_duvessa, uniq_pikel
D:6:      nicolae_cairo_tiling_large_dashed, layout_gridville, serial_bayou,
          serial_bayou_lake_a, serial_bayou_pond_a, serial_bayou_ford_a,
          serial_bayou_pond_d, serial_shops, nicolae_diamond_shop,
          kennysheep_potato
D:7:      layout_loops_cross, serial_shops, kennysheep_mini,
          minmay_ruined_shrine

Skill      XL: |  1  2  3  4  5  6  7  8  9 |
---------------+----------------------------+-----
Dodging        | 3 4 5 |  5.8
Axes           | 3 4 5 6 7 8 |  8.4
Fighting       | 5 6 7 8 |  8.5
Shields        | 4 5 6 |  6.4
Invocations    | 2 |  2.4

Action                   |  1- 3 |  4- 6 |  7- 9 || total
-------------------------+-------+-------+-------++-------
Melee: War axe           |    80 |       |       ||    80
       Dagger            |    51 |   185 |   452 ||   688
Invok: Heroism           |       |       |     2 ||     2
Evoke: Wand              |       |       |     7 ||     7
  Use: Potion            |       |     1 |     4 ||     5
       Scroll            |       |     3 |     9 ||    12
Armor: Robe              |    38 |    49 |    86 ||   173
Dodge: Dodged            |    50 |    64 |   102 ||   216
Block: Kite shield       |    51 |    90 |   269 ||   410
       Reflection        |       |       |    10 ||    10

Table legend: (Time is in decaauts)
 A = Elapsed time spent in this place.
 B = Non-inter-level travel time spent in this place.
 C = Inter-level travel time spent in this place.
 D = Time resting spent in this place.
 E = Time spent auto-exploring this place.
 F = Levels seen in this place.
 G = Mean time per level.
                   A        B        C        D        E       F      G
               +--------+--------+--------+--------+--------+-----+--------+
         Total |   9706 |   9398 |    308 |   2620 |   4956 |   8 | 1213.2 |
       Dungeon |   8423 |   8115 |    308 |   2315 |   4273 |   7 | 1203.3 |
         Sewer |   1282 |   1282 |      0 |    305 |    682 |   1 | 1282.0 |
               +--------+--------+--------+--------+--------+-----+--------+

Top non-repeatable levels by time:
     D:6: 1735 daAuts
     D:2: 1420 daAuts
     D:4: 1307 daAuts
     D:3: 1306 daAuts
   Sewer: 1282 daAuts
     D:1: 1270 daAuts
     D:5: 1047 daAuts
     D:7: 335 daAuts

Table legend:
 A = Kills in this place as a percentage of kills in entire the game.
 B = Kills by you in this place as a percentage of kills by you in the entire game.
 C = Kills by friends in this place as a percentage of kills by friends in the entire game.
 D = Other kills in this place as a percentage of other kills in the entire game.
 E = Experience gained in this place as a percentage of experience gained in the entire game.
 F = Experience gained in this place divided by the number of levels of this place that you have seen.
                   A       B       C       D       E      F
               +-------+-------+-------+-------+-------+----------------------
         Total | 100.0 | 100.0 |   N/A |   N/A | 100.0 | 503.6
       Dungeon |  84.4 |  84.4 |   N/A |   N/A |  78.2 | 449.9
         Sewer |  15.6 |  15.6 |   N/A |   N/A |  21.8 | 880.0
               +-------+-------+-------+-------+-------+----------------------
